 Dungeon Crawl Stone Soup version 0.17.0-1-g61d176b (console) character file.

129 gw the Magician (level 4, -2/26 HPs)
             Began as a Deep Elf Air Elementalist on Nov 7, 2015.
             Killed from afar by an orc wizard (9 damage)
             ... with a puff of flame
             ... on level 4 of the Dungeon.
             The game lasted 00:03:05 (3423 turns).

gw the Magician (Deep Elf Air Elementalist)         Turns: 3423, Time: 00:03:05

Health: -2/26      AC:  3    Str:  5    XL:     4   Next: 88%
Magic:  12/12      EV: 12    Int: 21    God:
Gold:   156        SH:  0    Dex: 15    Spells: 1 memorised, 10 levels left

rFire  . . .     SeeInvis .     a - +0 flail
rCold  . . .     Clarity  .     e - +0 leather armour
rNeg   . . .     SustAt   .     (no shield)
rPois  .         Gourm    .     (no helmet)
rElec  .         Spirit   .     (no cloak)
rCorr  .         Warding  .     (no gloves)
rMut   .         Stasis   .     (no boots)
MR     .....                    (no amulet)
Stlth  +.........               (no ring)
                                (no ring)

@: confused, not resistant to hostile enchantments, very unstealthy
A: no striking features
a: no special abilities


You were on level 4 of the Dungeon.
You were not hungry.

You visited 1 branch of the dungeon, and saw 4 of its levels.

You collected 156 gold pieces.

Inventory:

Hand Weapons
 a - a +0 flail (weapon)
Missiles
 d - 41 bolts
Armour
 e - a +0 leather armour (worn)
Books
 b - a book of Air

   Spells                             Type                      Level
   a - Shock                          Conjuration/Air              1
   b - Swiftness                      Charms/Air                   2
   c - Repel Missiles                 Charms/Air                   2
   d - Static Discharge               Conjuration/Air              3
   e - Lightning Bolt                 Conjuration/Air              5
Comestibles
 c - a bread ration


   Skills:
 * Level 2.2 Fighting
 + Level 1.1 Maces & Flails
 + Level 1.5 Armour
 - Level 2.4 Dodging
 - Level 2.4 Stealth
 + Level 4.0 Spellcasting
 - Level 1.1 Conjurations
 - Level 3.0 Air Magic


You had 10 spell levels left.
You knew the following spells:

 Your Spells              Type           Power        Failure   Level  Hunger
a - Shock                 Conj/Air       ##..         10%         1    None


Dungeon Overview and Level Annotations

Branches:
Dungeon (4/15)
 Temple: D:4-7

Altars:
Fedhas
Nemelex Xobeh


Message History

Unknown command.
Unknown command.
Unknown command.
ATTACK MOVE TO (0,1) Unknown command.
Unknown command.
Unknown command.
Unknown command.
ATTACK MOVE TO (0,1)
You barely miss something. Something hits you.
Unknown command.
Unknown command.
Unknown command.
Unknown command.
ATTACK MOVE TO (0,1)
You barely miss something. Something hits you.
You hear some strange, mumbled words.
A puff of flame appears from out of thin air!
The puff of flame hits you!
You die...

## .# ##.# ## #..#
.# #e# .# #.# ##.#
#.# #(.# #.# #)##
#.# #.# #.# #.# #.#
# #.##########.##.#
#.).)...?.......####


There were no monsters in sight!

Table legend:
 A = Turns spent in this place as a percentage of turns spent in the entire game.
 B = Non-inter-level travel turns spent in this place as a percentage of non-inter-level travel turns spent in the entire game.
 C = Inter-level travel turns spent in this place as a percentage of turns spent in this place.
 D = Turns resting spent in this place as a percentage of non-inter-level travel turns spent in this place.
 E = Turns spent auto-exploring this place as a percentage of non-inter-level travel turns spent in this place.
 F = Non-inter-level travel turns spent in this place divided by the number of levels of this place that you've seen.
                   A       B       C       D       E      F
               +-------+-------+-------+-------+-------+----------------------
         Total | 100.0 | 100.0 |   0.5 |   3.1 |   2.6 | 1030.2
       Dungeon | 100.0 | 100.0 |   0.5 |   3.1 |   2.6 | 1030.2
               +-------+-------+-------+-------+-------+----------------------

Table legend:
 A = Kills in this place as a percentage of kills in entire the game.
 B = Kills by you in this place as a percentage of kills by you in the entire game.
 C = Kills by friends in this place as a percentage of kills by friends in the entire game.
 D = Other kills in this place as a percentage of other kills in the entire game.
 E = Experience gained in this place as a percentage of experience gained in the entire game.
 F = Experience gained in this place divided by the number of levels of this place that you have seen.
                   A       B       C       D       E      F
               +-------+-------+-------+-------+-------+----------------------
         Total | 100.0 | 100.0 |  -nan |  -nan | 100.0 |  46.2
       Dungeon | 100.0 | 100.0 |  -nan |  -nan | 100.0 |  46.2
               +-------+-------+-------+-------+-------+----------------------

Vanquished Creatures
  An orc wizard (D:4)
  3 adders (D:2)
  An ooze (D:1)
  A worm (D:2)
  2 giant geckos
  6 orcs
  9 bats
  7 hobgoblins
  7 giant cockroaches
  3 giant newts
  9 goblins
  5 kobolds
  5 rats
59 creatures vanquished.

Notes
Turn   | Place    | Note
--------------------------------------------------------------
     0 | D:1      | gw the Deep Elf Air Elementalist began the quest for the Orb.
     0 | D:1      | Reached XP level 1. HP: 10/10 MP: 6/6
   190 | D:1      | Reached XP level 2. HP: 16/16 MP: 0/8
   197 | D:1      | Reached skill level 1 in Fighting
   905 | D:2      | Reached XP level 3. HP: 20/20 MP: 5/9
   944 | D:2      | Reached skill level 1 in Armour
  1630 | D:2      | Reached XP level 4. HP: 25/25 MP: 2/11
  2243 | D:3      | Reached skill level 1 in Maces & Flails
  2563 | D:3      | Found a sparkling altar of Nemelex Xobeh.
  2638 | D:3      | Found a blossoming altar of Fedhas.
  3054 | D:4      | Reached skill level 4 in Spellcasting
  3423 | D:4      | Killed from afar by an orc wizard

Action                   |  1- 3 |  4- 6 || total
-------------------------+-------+-------++-------
Melee: Mace              |    21 |     1 ||    22
       Flail             |       |    30 ||    30
 Cast: Shock             |   100 |    71 ||   171
  Eat: Chunk             |     2 |     3 ||     5
       Bread ration      |       |     1 ||     1

Vault maps used:
D:1:      evilmike_arrival_crescent
D:2:      kennysheep_nondescript, moated_statue
D:3:      lemuel_crystal_altar, marbit_many_paths
D:4:      nicolae_overflow_crystal_walls, minmay_temple_entry_junction,
          minmay_cut_off
